 Seeded DCSS version 0.30-a0-242-g7bf8e6d787 (webtiles) character file.

Game seed: 12923527064258711504 (custom seed)

70 Nerdsrcool the Caller (level 4, 0/31 HPs)
             Began as a Merfolk Summoner on Oct 11, 2022.
             Killed by divine providence
             ... invoked by an orc priest
              (8 damage)
             ... on level 2 of the Dungeon.
             The game lasted 00:14:49 (1340 turns).

Nerdsrcool the Caller (Merfolk Summoner)            Turns: 1340, Time: 00:14:50

Health: 0/31       AC:  8    Str:  8    XL:     4   Next: 22%
Magic:  2/7        EV: 10    Int: 16    God:
Gold:   100        SH:  0    Dex: 14    Spells: 1/7 levels left

rFire   . . .      SeeInvis .    i - +1 short sword (holy)
rCold   . . .      Faith    .    (no shield)
rNeg    . . .      Spirit   .    r - +0 ring mail
rPois   .          Reflect  .    (no helmet)
rElec   .          Harm     .    d - +2 cloak
rCorr   .          Rampage  .    (no gloves)
Will    .....                    (no boots)
Stlth   +.........               o - amulet of regeneration
HPRegen 1.05/turn                (no ring)
MPRegen 0.10/turn                (no ring)

@: no status effects
A: (nimble swimmer 2), mertail
a: no special abilities


You were on level 2 of the Dungeon.
You visited 1 branch of the dungeon, and saw 2 of its levels.

You collected 100 gold pieces.

Inventory:

Hand Weapons
 e - a +0 whip
 h - a +0 dagger
 i - a +1 short sword of holy wrath (weapon)
Missiles
 c - 6 poisoned darts
 j - 29 stones
Armour
 a - a +0 robe
 d - a +2 cloak (worn)
 r - a +0 ring mail (worn)
Jewellery
 o - an amulet of regeneration (around neck)
Scrolls
 g - 4 scrolls of vulnerability {unknown}
 k - 2 scrolls of fog {unknown}
 n - a scroll of teleportation {unknown}
 p - a scroll of fear {unknown}
 q - 4 scrolls of identify {unknown}
Potions
 b - a potion of magic
 f - a potion of curing {unknown}
 l - 2 potions of degeneration {unknown}
 m - a potion of might {unknown}
 s - a potion of attraction {unknown}
 t - a potion of haste {unknown}
 u - a potion of brilliance {unknown}


   Skills:
 + Level 0.3 Fighting
 + Level 1.6 Short Blades
 + Level 3.0 Dodging
 + Level 2.4 Stealth
 + Level 2.3 Spellcasting
 + Level 4.9 Summonings


You had one spell level left.
You knew the following spells:

 Your Spells              Type           Power      Damage    Failure   Level
a - Summon Small Mammal   Summ           68%        N/A       9%          1
b - Call Imp              Summ           17%        N/A       12%         2
c - Call Canine Familiar  Summ           17%        N/A       24%         3

Your spell library contained the following spells:

 Spells                   Type           Power      Damage    Failure   Level
 Summon Guardian Golem    Hex/Summ       9%         N/A       56%         3
 Summon Lightning Spire   Summ/Air       9%         N/A       92%         4


Dungeon Overview and Level Annotations

Branches:
Dungeon (2/15)

Altars:


Innate Abilities, Weirdness & Mutations

((You are very nimble when in or above water. (Stealth+, EV+, Speed+++)))
Your lower body shifts to a powerful aquatic tail in water.


Message History

The orc priest calls down the wrath of Beogh upon you.
You barely resist.
Your magical contamination has completely faded away.
The orc priest casts a cantrip, but nothing happens.
The spell is quite dangerous to miscast (24% risk of failure)!
Continue anyway?
A shadowy apparition takes form in the air.
You swap places.
Your hound bites the orc.
Your shadow imp barely misses the orc priest.
Things that are here:
a bat skeleton; an adder skeleton You completely miss the orc priest.
The orc priest is moderately wounded.
The orc priest invokes the aid of Beogh against you.
Beogh smites you!
Your hound bites the orc priest but does no damage.
Your shadow imp hits the orc.
The orc dies!
You closely miss the orc priest.
The orc priest is moderately wounded.
Your hound bites the orc priest but does no damage.
The orc priest closely misses your hound.
The orc priest barely misses you.
You closely miss the orc priest.
The orc priest is moderately wounded.
Your hound bites the orc priest but does no damage.
The orc priest hits your hound with a +0 hand axe.
The orc priest barely misses you.
You hit the orc priest.
The orc priest is moderately wounded.
Your hound bites the orc priest but does no damage.
Your hound bites the orc priest.
The orc priest hits your hound with a +0 hand axe.
The orc priest calls down the wrath of Beogh upon you.
Beogh smites you!
Ouch! That really hurt!
* * * LOW HITPOINT WARNING * * *
The orc priest invokes the aid of Beogh against you.
Beogh smites you!
You die...

#..⌠.⌠.##...#.##.## ##.......).#
#......##...#.###.###..##......#
#.._.⌠###...#.####.#.#.##......#
#.....# #.........)....##.##.###
#....⌠# ##..#..o........... .#
####..####..#.#####.##.#### .#
##..........#÷# #.##.#
...#.######.#.#####.##.###.#
####... #...@.o.<.....# #.###
######5#######.# #.# #..# #.#
##h# #.# #o# .# #####.#####
##.........## #..#######..#
#o###$⌠$###.#


You could see an orc priest (ally target) and a friendly shadow imp (summoned).

Vanquished Creatures
  An adder (D:2)
  A ball python (D:2)
  5 bats
  An endoplasm (D:1)
  2 giant cockroaches (D:2)
  A goblin (D:2)
  2 hobgoblins
  A frilled lizard (D:1)
  A kobold (D:1)
  A rat (D:2)
16 creatures vanquished.

Vanquished Creatures (collateral kills)
  Jessica (D:2)
  3 orcs (D:2)
  2 bats
  2 endoplasms (D:2)
  A giant cockroach (D:1)
  A hobgoblin (D:2)
  2 ball pythons
  A goblin (D:1)
  2 kobolds (D:1)
15 creatures vanquished.

Grand Total: 31 creatures vanquished

Notes
Turn   | Place    | Note
-------+----------+-------------------------------------------
     0 | D:1      | Nerdsrcool the Merfolk Summoner began the quest for the
                  | Orb.
     0 | D:1      | Reached XP level 1. HP: 13/13 MP: 3/3
   301 | D:1      | Reached XP level 2. HP: 19/19 MP: 3/5
   314 | D:1      | Learned a level 2 spell: Call Imp
   907 | D:2      | Reached XP level 3. HP: 24/24 MP: 6/6
   912 | D:2      | Learned a level 3 spell: Call Canine Familiar
   918 | D:2      | Noticed Jessica
   923 | D:2      | Reached skill level 1 in Short Blades
   936 | D:2      | Killed Jessica
  1007 | D:2      | Found a faded altar of an unknown god.
  1016 | D:2      | Reached XP level 4. HP: 30/30 MP: 7/7
  1340 | D:2      | Killed from afar by an orc priest

Illustrated notes

Levels and vault maps discovered:
D:1:      dpeg_arrival_round_b, layout_loops_ring
D:2:      cheibrodos_pilgrimage, layout_loops_ring,
          hellmonk_ecumenical_altar_run_dry, uniq_jessica

Skill      XL: |  1  2  3  4 |
---------------+-------------+-----
Short Blades   | 1 |  1.6
Dodging        | 3 |  3.0
Fighting       | |  0.3
Stealth        | |  2.4
Spellcasting   | |  2.3
Summonings     | |  4.9

Action                   |  1- 3 |  4- 6 || total
-------------------------+-------+-------++-------
Melee: Unarmed           |     4 |       ||     4
       Short sword       |    38 |    23 ||    61
       Dagger            |     3 |       ||     3
       Punch             |     1 |     2 ||     3
 Cast: Summon Small Mamm |    11 |     1 ||    12
       Call Imp          |     4 |     5 ||     9
       Call Canine Famil |     1 |     2 ||     3
 Stab: Sleeping          |     2 |       ||     2
Armor: Robe              |    26 |     1 ||    27
       Ring mail         |       |    21 ||    21
Dodge: Dodged            |    43 |    15 ||    58

Table legend: (Time is in decaauts)
 A = Elapsed time spent in this place.
 B = Non-inter-level travel time spent in this place.
 C = Inter-level travel time spent in this place.
 D = Time resting spent in this place.
 E = Time spent auto-exploring this place.
 F = Levels seen in this place.
 G = Mean time per level.
                   A        B        C        D        E       F      G
               +--------+--------+--------+--------+--------+-----+--------+
         Total |   1342 |   1303 |     39 |      0 |    758 |   2 |  671.0 |
       Dungeon |   1342 |   1303 |     39 |      0 |    758 |   2 |  671.0 |
               +--------+--------+--------+--------+--------+-----+--------+

Top non-repeatable levels by time:
     D:1: 880 daAuts
     D:2: 461 daAuts
